 Dungeon Crawl Stone Soup version 0.31-a0-620-gd1cbd99268 (webtiles) character file.

Game seed: 10727658062763898494

26020 Newt the Slicer (level 13, -6/80 HPs)
             Began as a Gargoyle Fighter on Aug 23, 2023.
             Was a High Priest of the Shining One.
             Mangled by a centaur warrior simulacrum (29 damage)
             ... animated by a necromancer
             ... on level 15 of the Dungeon.
             The game lasted 00:17:17 (10785 turns).

Newt the Slicer (Gargoyle Fighter)                 Turns: 10785, Time: 00:17:18

Health: -6/80      AC: 22    Str: 36    XL:     13   Next: 23%
Magic:  21/21      EV: 16    Int:  9    God:    the Shining One [*****.]
Gold:   2033       SH:  4    Dex:  9    Spells: 12/12 levels left

rFire   . . .        L - +8 arc blade {discharge, rElec}
rCold   . . .        c - +0 buckler
rNeg    + + +        d - +0 troll leather armour
rPois   ∞            H - +1 helmet of the World {rElec rPois Str+5 Stlth+}
rElec   +            a - +1 cloak
rCorr   .            X - +1 pair of gloves
SInv    .            r - +0 pair of boots
Will    .....        f - amulet of regeneration
Stlth   +            A - +5 ring of evasion
HPRegen 1.93/turn    V - +6 ring of strength
MPRegen 0.17/turn

%: no passive effects
@: glowing
A: sickness immunity, AC +9, negative energy resistance 1, electricity
resistance, torment resistance 1, petrification resistance
a: Renounce Religion, Divine Shield, Cleansing Flame, Summon Divine Warrior


You were on level 15 of the Dungeon.
You worshipped the Shining One.
The Shining One was extremely pleased with you.
You visited 1 branch of the dungeon, and saw 14 of its levels.

You collected 2531 gold pieces.
You spent 498 gold pieces at shops.

Inventory:

Hand Weapons
 L - the +8 arc blade (weapon) {discharge, rElec}
   (You found it on level 5 of the Dungeon)

   rElec:     It insulates you from electricity.
Missiles
 p - 29 poisoned darts
 x - 7 javelins
 B - a throwing net
 P - 4 boomerangs
Armour
 a - a +1 cloak (worn)
 c - a +0 buckler (worn)
 d - a +0 troll leather armour (worn)
 j - a +0 ring mail of positive energy
 o - a +1 scale mail of positive energy
 r - a +0 pair of boots (worn)
 H - the +1 helmet of the World (worn) {rElec rPois Str+5 Stlth+}
   (You found it on level 5 of the Dungeon)

   Str+5:     It affects your strength (+5).
   rElec:     It insulates you from electricity.
   rPois:     It protects you from poison Stlth+: It makes you more stealthy.
 X - a +1 pair of gloves (worn)
Jewellery
 f - an amulet of regeneration (around neck)
 q - an amulet of faith
 A - a +5 ring of evasion (left hand)
 C - a ring of flight
 E - a ring of willpower
 N - a ring of protection from cold
 R - a ring of protection from cold
 V - a +6 ring of strength (right hand)
Wands
 D - a wand of flame (74)
 S - a wand of charming (7)
 Z - a wand of digging (5)
Scrolls
 b - 2 scrolls of fog {unknown}
 g - 3 scrolls of amnesia
 i - 8 scrolls of teleportation
 k - 3 scrolls of vulnerability
 m - 4 scrolls of noise
 t - a scroll of blinking
 u - 3 scrolls of enchant armour
 w - 2 scrolls of immolation
 y - a scroll of poison
 F - 2 scrolls of revelation
 I - a scroll of identify
 K - a scroll of torment
 O - 2 scrolls of summoning
 U - a scroll of brand weapon {unknown}
 W - a scroll of silence {unknown}
 Y - a scroll of fear {unknown}
Potions
 e - 4 potions of curing
 h - 2 potions of attraction
 l - 4 potions of degeneration
 n - 4 potions of ambrosia
 s - a potion of haste
 v - 2 potions of magic {unknown}
 z - a potion of brilliance {unknown}
 G - a potion of berserk rage
 M - a potion of lignification
 Q - 2 potions of invisibility {unknown}
 T - 2 potions of cancellation {unknown}


   Skills:
 - Level 9.0 Fighting
 - Level 13.1 Short Blades
 - Level 6.0 Maces & Flails
 - Level 10.0 Armour
 - Level 3.2 Shields
 + Level 11.2 Invocations
 - Level 4.0 Evocations


You had 12 spell levels left.
You didn't know any spells.
Your spell library contained the following spells:

 Spells                   Type           Power      Damage    Failure   Level
 Shock                    Conj/Air       0%         1d3       45%         1
 Sting                    Tmut/Pois      0%         1d3       45%         1
 Summon Small Mammal      Summ           0%         N/A       45%         1
 Ensorcelled Hibernation  Hex/Ice        0%         N/A       58%         2
 Poisonous Vapours        Pois/Air       0%         N/A       58%         2
 Call Canine Familiar     Summ           0%         N/A       83%         3
 Mephitic Cloud           Conj/Pois/Air  0%         N/A       83%         3
 Portal Projectile        Hex/Tloc       0%         N/A       83%         3
 Stone Arrow              Conj/Erth      0%         3d7       83%         3
 Summon Guardian Golem    Hex/Summ       0%         N/A       83%         3
 Swiftness                Air            0%         N/A       83%         3
 Tukima's Dance           Hex            0%         N/A       83%         3
 Airstrike                Air            0%         2d(0-16)  99%         4
 Anguish                  Hex/Necr       0%         N/A       99%         4
 Animate Armour           Summ/Erth      0%         N/A       99%         4
 Iskenderun's Mystic Bla  Conj/Tloc      0%         2d3       99%         4
 Olgreb's Toxic Radiance  Pois           0%         N/A       99%         4
 Summon Ice Beast         Ice/Summ       0%         N/A       99%         4
 Summon Mana Viper        Hex/Summ       0%         N/A       100%        5
 Monstrous Menagerie      Summ           0%         N/A       100%        7
 Lehudib's Crystal Spear  Conj/Erth      0%         10d2      100%        8


Dungeon Overview and Level Annotations

Branches:
Dungeon (13/15)            Temple (0/1) D:5            Lair (0/5) D:10
    Orc (0/2) D:12         Vaults (0/5) D:13         Depths (0/4) D:15

Altars:
Ashenzari
Cheibriados
Dithmenos
Fedhas
Hepliaklqana
Kikubaaqudgha
Makhleb
Okawaru
Qazlal
Ru
Sif Muna
Trog
Wu Jian
The Shining One

Shops:
D:1 ?   D:5 *   D:10 (


Innate Abilities, Weirdness & Mutations

You are immune to sickness and miasma.
Your stone body is resilient. (AC +9)
You are immune to poison.
You resist negative energy. (rN+)
You are resistant to electric shocks. (rElec)
You are resistant to unholy torment.
You are immune to petrification.


Message History

The spark wasp zombie completely resists.
The bolt of negative energy hits you but does no damage.
You resist.
Unknown command.
Unknown command.
You barely miss the spark wasp zombie.
The spark wasp zombie is severely damaged.
The spark wasp zombie barely misses you.
You block the centaur warrior simulacrum's attack.
The centaur warrior simulacrum kicks you but does no damage.
Unknown command.
Unknown command.
You hit the spark wasp zombie.
The arc blade crackles.
The centaur warrior simulacrum is struck by an arc of lightning!
The centaur warrior simulacrum is heavily damaged.
You resist.
You are struck by an arc of lightning.
* * * LOW HITPOINT WARNING * * *
The centaur warrior simulacrum is struck by an arc of lightning.
The centaur warrior simulacrum is heavily damaged.
The spark wasp zombie is struck by an arc of lightning!
The spark wasp zombie is severely damaged.
The lightning grounds out.
The spark wasp zombie is severely damaged.
The necromancer gestures at you while chanting.
The bolt of negative energy hits the spark wasp zombie.
The spark wasp zombie completely resists.
The bolt of negative energy hits you but does no damage.
You resist.
The spark wasp zombie closely misses you.
The centaur warrior simulacrum misses you.
The centaur warrior simulacrum kicks you but does no damage.
Unknown command.
You puncture the centaur warrior simulacrum!
The centaur warrior simulacrum is almost destroyed.
The spark wasp zombie completely misses you.
The centaur warrior simulacrum closely misses you.
The centaur warrior simulacrum kicks you.
* * * LOW HITPOINT WARNING * * *
The centaur warrior simulacrum freezes you!!
You die...

...........## ..8....P?...##
...........[.# ........$..P.#
### ..........8..## #.#
...P.8....8...#####.#
......>.......Zp##..#
.....8..8....##ZZ#.##
...8.8....8..###@#.########
.P....8.....P# #......#...##
...P...P.8...#####.........##
#8.8....P8..................#
#...88...P.######.......(...#
####..#### ##.............#
##.######..##.........##
#......[.####...#...##
...######## #########


You could see a necromancer, a centaur warrior simulacrum, an ettin zombie and a
spark wasp zombie.

Vanquished Creatures
  A sphinx zombie (D:15)
  2 hydras (D:13)
  2 centaur warriors
  5 two-headed ogres
  A vampire mage (D:15)
  Urug (D:13)
  A storm dragon skeleton (D:15)
  Lodul (D:12)
  A wizard (D:13)
  A necromancer (D:13)
  A deep elf pyromancer (D:13)
  2 ugly things
  6 cyclopes
  A manticore (D:7)
  Joseph (D:7)
  Maurice (D:12)
  A gargoyle (D:11)
  2 unseen horrors
  2 kobold demonologists (D:11)
  4 trolls
  A hornet (D:8)
  3 slime creatures (D:13)
  A shadow (D:9)
  Sigmund (D:5)
  2 vampires (D:12)
  A wyvern (D:8)
  A wraith (D:9)
  A basilisk (D:11)
  Grum (D:11)
  10 vampire mosquitoes
  Edmund (D:5)
  An acid dragon (D:11)
  3 water moccasins
  Duvessa (D:6)
  5 orc warriors
  An ice beast (D:7)
  2 sky beasts
  5 black bears
  12 ogres
  4 wolves (D:11)
  2 centaurs
  5 phantoms
  Blork the orc (D:5)
  3 kobold brigands
  6 bullfrogs
  5 scorpions
  Dowan (D:6)
  7 killer bees
  A howler monkey (D:10)
  6 crimson imps (D:10)
  6 orc priests
  3 hounds
  3 gnoll boudas
  An iron imp (D:5)
  A sleepcap (D:8)
  5 iguanas
  11 orc wizards
  10 gnolls
  7 adders
  5 shadow imps
  2 white imps
  An ufetubus (D:5)
  A worm (D:3)
  3 dart slugs
  27 orcs
  A ball python (D:4)
  8 bats
  7 endoplasms
  3 giant cockroaches
  5 goblins
  9 hobgoblins
  9 jackals
  8 kobolds
  2 quokkas
  5 frilled lizards
  7 rats
281 creatures vanquished.

Vanquished Creatures (collateral kills)
  2 skeletal warriors (D:15)
2 creatures vanquished.

Grand Total: 283 creatures vanquished

Notes
Turn   | Place    | Note
-------+----------+-------------------------------------------
     0 | D:1      | Newt the Gargoyle Fighter began the quest for the Orb.
     0 | D:1      | Reached XP level 1. HP: 14/14 MP: 1/1
    44 | D:1      | Found Wodua's Magic Scroll Boutique.
    97 | D:1      | Reached XP level 2. HP: 20/20 MP: 2/2
   433 | D:1      | Bought a scroll of identify for 28 gold pieces
   680 | D:1      | Reached XP level 3. HP: 24/24 MP: 3/3
  1400 | D:3      | Identified a scroll of acquirement
  1402 | D:3      | Acquired 1319 gold pieces
  1483 | D:1      | Bought a scroll of vulnerability for 56 gold pieces
  1483 | D:1      | Bought a scroll of noise for 14 gold pieces
  1483 | D:1      | Bought a scroll of blinking for 105 gold pieces
  1483 | D:1      | Bought a scroll of enchant armour for 105 gold pieces
  1483 | D:1      | Bought a scroll of identify for 28 gold pieces
  1539 | D:3      | Found a bloodstained altar of Trog.
  1580 | D:3      | Found a glowing golden altar of the Shining One.
  1612 | D:3      | Reached XP level 4. HP: 29/29 MP: 4/4
  1635 | D:3      | Became a worshipper of the Shining One
  1679 | D:3      | Found a hazy altar of Hepliaklqana.
  1831 | D:3      | Found a faded altar of an unknown god.
  2170 | D:4      | Found a shimmering blue altar of Sif Muna.
  2395 | D:4      | Reached XP level 5. HP: 33/33 MP: 5/5
  2474 | D:4      | Found a blossoming altar of Fedhas.
  2770 | D:5      | Entered Level 5 of the Dungeon
  2779 | D:5      | Reached skill level 5 in Armour
  2795 | D:5      | Noticed a phantom
  2807 | D:5      | Killed a phantom
  2808 | D:5      | Reached skill level 5 in Maces & Flails
  2808 | D:5      | Reached XP level 6. HP: 35/38 MP: 6/6
  2875 | D:5      | Noticed a black bear
  2877 | D:5      | Noticed Blork the orc
  2889 | D:5      | Killed a black bear
  2890 | D:5      | Reached XP level 7. HP: 26/43 MP: 7/7
  2894 | D:5      | Killed Blork the orc
  2920 | D:5      | Reached skill level 5 in Fighting
  2995 | D:5      | Found Kevarec's General Store.
  3000 | D:5      | Bought a scroll of revelation for 97 gold pieces
  3000 | D:5      | Bought a potion of berserk rage for 65 gold pieces
  3024 | D:5      | Found a staircase to the Ecumenical Temple.
  3024 | D:5      | Noticed Sigmund
  3024 | D:5      | Reached * piety under the Shining One
  3038 | D:5      | Killed Sigmund
  3039 | D:5      | Reached XP level 8. HP: 53/53 MP: 8/8
  3065 | D:5      | Identified the +1 helmet of the World {rElec rPois Str+5
                  | Stlth+}
  3183 | D:5      | Noticed Edmund
  3253 | D:5      | Killed Edmund
  3274 | D:5      | Found the +8 arc blade {discharge, rElec}
  3467 | D:5      | Reached XP level 9. HP: 54/60 MP: 9/9
  3482 | D:5      | Reached skill level 1 in Short Blades
  3491 | D:5      | Reached skill level 2 in Short Blades
  3527 | D:5      | Reached skill level 3 in Short Blades
  3623 | D:5      | Found a burning altar of Makhleb.
  3656 | D:5      | Found a snail-covered altar of Cheibriados.
  3656 | D:5      | Reached ** piety under the Shining One
  3926 | D:6      | Noticed Duvessa
  3926 | D:6      | Noticed Dowan
  3929 | D:6      | Killed Dowan
  3930 | D:6      | Killed Duvessa
  3931 | D:6      | Reached skill level 4 in Short Blades
  4061 | D:6      | Reached skill level 5 in Short Blades
  4303 | D:6      | Found a sacrificial altar of Ru.
  4439 | D:7      | Noticed a manticore
  4449 | D:7      | Reached skill level 6 in Short Blades
  4451 | D:7      | Killed a manticore
  4532 | D:7      | Reached skill level 7 in Short Blades
  4558 | D:7      | Reached XP level 10. HP: 65/66 MP: 10/10
  4793 | D:7      | Noticed Joseph
  4803 | D:7      | Killed Joseph
  4804 | D:7      | Reached skill level 8 in Short Blades
  5507 | D:8      | Reached skill level 9 in Short Blades
  5518 | D:8      | Found a stormy altar of Qazlal.
  6251 | D:9      | Found a broken altar of Ashenzari.
  6285 | D:9      | Noticed a cyclops
  6293 | D:9      | The Shining One protects you from harm!
  6730 | D:9      | Killed a cyclops
  6731 | D:9      | Reached skill level 10 in Short Blades
  7174 | D:10     | Entered Level 10 of the Dungeon
  7287 | D:10     | Found an iron altar of Okawaru.
  7450 | D:10     | Reached *** piety under the Shining One
  7456 | D:10     | Found a staircase to the Lair.
  7470 | D:10     | Reached skill level 11 in Short Blades
  7470 | D:10     | Reached XP level 11. HP: 53/71 MP: 11/11
  7648 | D:10     | Found an ornate altar of the Wu Jian Council.
  7658 | D:10     | Noticed a two-headed ogre
  7663 | D:10     | Killed a two-headed ogre
  7664 | D:10     | Reached skill level 12 in Short Blades
  7698 | D:10     | Found a shadowy altar of Dithmenos.
  7746 | D:10     | Reached **** piety under the Shining One
  7803 | D:10     | Found Jefutox's Weapon Boutique.
  8074 | D:11     | Noticed Grum
  8094 | D:11     | Killed Grum
  8255 | D:11     | Noticed a cyclops
  8260 | D:11     | Killed a cyclops
  8261 | D:11     | Noticed a cyclops
  8269 | D:11     | Killed a cyclops
  8270 | D:11     | Reached skill level 13 in Short Blades
  8345 | D:11     | Found an ancient bone altar of Kikubaaqudgha.
  8362 | D:11     | Got Wuxun's Codex of Breath
  8573 | D:12     | Found a staircase to the Orcish Mines.
  8675 | D:12     | Noticed a cyclops
  8680 | D:12     | Killed a cyclops
  8726 | D:12     | Noticed a cyan ugly thing
  8737 | D:12     | Killed a cyan ugly thing
  8781 | D:12     | Found a broken altar of Ashenzari.
  8783 | D:12     | Noticed Lodul
  8797 | D:12     | Reached XP level 12. HP: 71/76 MP: 12/12
  8797 | D:12     | Killed Lodul
  8988 | D:12     | Noticed Maurice
  8999 | D:12     | Killed Maurice
  9666 | D:13     | Noticed a four-headed hydra
  9675 | D:13     | Killed a four-headed hydra
  9757 | D:13     | Reached skill level 10 in Armour
  9768 | D:13     | Noticed a two-headed ogre
  9769 | D:13     | Noticed a two-headed ogre
  9769 | D:13     | Noticed a centaur warrior
  9771 | D:13     | Noticed a two-headed ogre
  9775 | D:13     | Killed a two-headed ogre
  9777 | D:13     | Killed a two-headed ogre
  9781 | D:13     | Reached skill level 5 in Invocations
  9784 | D:13     | Killed a two-headed ogre
  9788 | D:13     | Killed a centaur warrior
  9965 | D:13     | Noticed a six-headed hydra
  9968 | D:13     | Killed a six-headed hydra
  9991 | D:13     | Noticed Urug
  9991 | D:13     | Reached ***** piety under the Shining One
 10005 | D:13     | Killed Urug
 10187 | D:13     | Found a gate to the Vaults.
 10216 | D:13     | Noticed a two-headed ogre
 10223 | D:13     | Killed a two-headed ogre
 10332 | D:13     | You fall into a shaft and drop 2 floors!
 10332 | D:15     | Entered Level 15 of the Dungeon
 10352 | D:15     | Reached XP level 13. HP: 45/80 MP: 20/20
 10486 | D:15     | Found a staircase to the Depths.
 10511 | D:15     | Reached skill level 10 in Invocations
 10785 | D:15     | Mangled by a centaur warrior simulacrum

Illustrated notes

Levels and vault maps discovered:
D:1:      lightli_arrival_isolated_outpost, layout_basic, serial_shops,
          nicolae_shop_tiny_glass, minmay_tromino_v4_c
D:2:      layout_basic
D:3:      layout_rooms, tso_oasis_becter, mainiacjoe_overflow_paths,
          mainiacjoe_overflow_concentric_impassable,
          chequers_ecumenical_altar_simple_redux
D:4:      layout_loops_ring, nicolae_sif_muna_condensation, fedhas_altar_4,
          corner_web_ring
D:5:      kennysheep_windowed_halls, layout_cave_pools, chei_slow_surprise,
          nicolae_overflow_crystal_walls, minmay_temple_entry_drinking_statues,
          serial_shops, shop, dk_noncrumbling_4, uniq_blork_the_orc,
          uniq_sigmund, uniq_edmund
D:6:      layout_rooms, nicolae_ru_the_path_less_chosen, uniq_duvessa
D:7:      layout_gridville, minivault_10, uniq_joseph
D:8:      layout_basic, nicolae_qazlal_scattered_showers, serial_glass,
          glass_columns_a, glass_columns_a, chequers_serial_rivers_micro_c,
          feat_on_display
D:9:      layout_rooms, mainiacjoe_overflow_alcove_4
D:10:     layout_long_grid, lemuel_doored_altar, okawaru_trees_2,
          mainiacjoe_overflow_brackets, due_lair_maze_entry_diamond,
          serial_shops, nicolae_lakefront_shop, minmay_nine_imps
D:11:     layout_roguey, kiku_gazebo_garden_becter, uniq_grum
D:12:     layout_cave_pods, orc_0_dummy, grunt_ministairs_14,
          evilmike_ruin_ashenzari, uniq_lodul, uniq_maurice
D:13:     layout_layer_cave, david_vaults_1, enter_trove_6, uniq_urug
D:15:     gammafunk_depths_entry_grave, layout_rooms, nicolae_uskayaw_en_pointe

Skill      XL: |  1  2  3  4  5  6  7  8  9 10 11 12 13 |
---------------+----------------------------------------+-----
Fighting       | 4 7 9 |  9.0
Maces & Flails | 3 4 5 6 |  6.0
Armour         | 4 5 8 10 | 10.0
Evocations     | 2 4 |  4.0
Short Blades   | 7 11 13 | 13.1
Invocations    | 9 11 | 11.2
Shields        | |  3.2

Action                     |  1- 3 |  4- 6 |  7- 9 | 10-12 | 13-15 || total
---------------------------+-------+-------+-------+-------+-------++-------
  Melee: Flail             |   124 |   137 |    51 |       |       ||   312
         Morningstar       |       |       |    54 |       |       ||    54
         Rapier            |       |       |    89 |   318 |    38 ||   445
  Throw: Throwing net      |       |       |       |     1 |       ||     1
 Invoke: Summon Divine War |       |       |       |       |     1 ||     1
  Evoke: Wand              |       |       |       |     3 |       ||     3
    Use: Scroll            |     7 |       |     4 |     4 |       ||    15
         Potion            |       |     1 |       |     6 |       ||     7
 Armour: Scale mail        |    50 |    93 |   101 |    86 |       ||   330
         Ring mail         |    22 |       |       |       |       ||    22
         Troll leather arm |       |       |       |    20 |    31 ||    51
  Dodge: Dodged            |    73 |   108 |   152 |   173 |    44 ||   550
  Block: Buckler           |    25 |    33 |    32 |    49 |     6 ||   145

Table legend: (Time is in decaauts)
 A = Elapsed time spent in this place.
 B = Non-inter-level travel time spent in this place.
 C = Inter-level travel time spent in this place.
 D = Time resting spent in this place.
 E = Time spent auto-exploring this place.
 F = Levels seen in this place.
 G = Mean time per level.
                   A        B        C        D        E       F      G
               +--------+--------+--------+--------+--------+-----+--------+
         Total |  10729 |   9961 |    768 |   1085 |   7158 |  14 |  766.4 |
       Dungeon |  10729 |   9961 |    768 |   1085 |   7158 |  14 |  766.4 |
               +--------+--------+--------+--------+--------+-----+--------+

Top non-repeatable levels by time:
     D:5: 1185 daAuts
     D:7: 1081 daAuts
     D:8: 978 daAuts
    D:12: 933 daAuts
    D:10: 802 daAuts
     D:4: 771 daAuts
    D:13: 760 daAuts
     D:2: 756 daAuts
     D:1: 751 daAuts
     D:9: 707 daAuts
    D:11: 555 daAuts
     D:3: 554 daAuts
     D:6: 458 daAuts
    D:15: 434 daAuts
